 Dungeon Crawl Stone Soup version 0.20.0-15-g7f486f2 (webtiles) character file.

1201 dvd the Twirler (level 8, -7/75 HPs)
             Began as a Troll Wanderer on June 16, 2017.
             Was a Follower of Qazlal.
             Shot with a bolt by an orc warrior (23 damage)
             ... in a bailey.
             The game lasted 00:16:08 (5810 turns).

dvd the Twirler (Troll Wanderer)                    Turns: 5810, Time: 00:16:08

Health: -7/75      AC:  6    Str: 24 (25) XL:     8   Next: 21%
Magic:  10/10      EV: 10    Int:  9 (12) God:    Qazlal [*.....]
Gold:   339        SH:  1    Dex:  7 (8)  Spells: 9/12 levels left

rFire    . . .     SeeInvis .   I - +2 quarterstaff (chaos)
rCold    + . .     Gourm    +   (shield currently unavailable)
rNeg     . . .     Faith    .   d - +0 robe
rPois    .         Spirit   .   (helmet restricted)
rElec    .         Reflect  .   J - +0 cloak
rCorr    .         Harm     .   (gloves unavailable)
MR       +....                  (boots unavailable)
Stlth    ++........             (no amulet)
Regen    0.7/turn               T - ring of protection from magic
MPRegen  0.2/turn               r - ring of protection from cold

@: mighty, flying, hasted, very quick
A: unfitting armour, claws 3, fast metabolism 3, gourmand, regeneration 1,
shaggy fur 1, tough skin 2
a: Renounce Religion


You were in a bailey.
You worshipped Qazlal.
Qazlal was aware of your devotion.
You were not hungry.

You visited 2 branches of the dungeon, and saw 8 of its levels.
You also visited: Bailey.

You collected 339 gold pieces.

Inventory:

Hand Weapons
 o - a +0 hand axe
 u - a +0 trident
 H - a +0 mace
 I - a +2 quarterstaff of chaos (weapon)
Missiles
 D - 7 tomahawks (quivered)
Armour
 d - a +0 robe (worn)
 J - a +0 cloak (worn)
Jewellery
 n - an uncursed ring of fire
 r - a ring of protection from cold (right claw)
 Q - an uncursed ring of see invisible
 R - a +2 ring of evasion
 S - an uncursed ring of wizardry
 T - a ring of protection from magic (left claw)
Wands
 e - a wand of acid (7/15)
 C - a wand of clouds (3/9)
 F - a wand of random effects (9/48)
 G - a wand of flame (11/48)
Scrolls
 c - a scroll of enchant armour {unknown}
 g - a scroll of fear {unknown}
 h - 7 scrolls of identify
 m - 5 scrolls of remove curse {unknown}
 t - a scroll of amnesia {unknown}
 w - 4 scrolls of teleportation {unknown}
 B - 2 scrolls of magic mapping {unknown}
 M - a scroll of enchant weapon {unknown}
 N - a scroll of recharging {unknown}
 O - a scroll of fog {unknown}
Potions
 i - 2 potions of brilliance {unknown}
 j - a potion of flight
 p - a potion of haste
 q - a potion of berserk rage {unknown}
 s - a potion of resistance {unknown}
 x - a potion of invisibility {unknown}
 z - a potion of curing
 A - a potion of lignification {unknown}
 E - 2 potions of might
 K - a potion of degeneration
 L - a potion of magic {unknown}
 P - a potion of heal wounds {unknown}
Books
 a - a book of Flames

   Spells                             Type                      Level
   a - Flame Tongue                   Conjuration/Fire             1
   b - Throw Flame                    Conjuration/Fire             2
   c - Conjure Flame                  Conjuration/Fire             3
   d - Inner Flame                    Hexes/Fire                   3
   e - Sticky Flame                   Conjuration/Fire             4
   f - Fireball                       Conjuration/Fire             5
 b - Sif Muna's Reference Book on Enchantment

   Spells                             Type                      Level
   a - Corona                         Hexes                        1
   b - Summon Guardian Golem          Hexes/Summoning              3
Comestibles
 f - 5 bread rations
 k - 5 fruits
 l - 4 meat rations
 v - 2 royal jellies


   Skills:
 + Level 3.1 Fighting
 + Level 4.4 Staves
 + Level 2.1 Dodging
 + Level 2.5 Stealth
 + Level 2.6 Spellcasting
 + Level 2.1 Conjurations
 + Level 2.3 Fire Magic
   Level 1.3 Ice Magic
 + Level 0.1 Evocations


You had 9 spell levels left.
You knew the following spells:

 Your Spells              Type           Power        Failure   Level  Hunger
a - Flame Tongue          Conj/Fire      #....        13%         1    ##.....
b - Throw Flame           Conj/Fire      #.....       19%         2    ###....


Dungeon Overview and Level Annotations

Branches:
Dungeon (7/15)             Temple (1/1) D:4

Altars:
Ashenzari
Cheibriados
Dithmenos
Elyvilon
Fedhas
Gozag
Hepliaklqana
Kikubaaqudgha
Makhleb
Nemelex Xobeh
Okawaru
Qazlal
Ru
Sif Muna
Trog
Uskayaw
Vehumet
Xom
Yredelemnul
Zin
The Shining One


Innate Abilities, Weirdness & Mutations

You are too large for most types of armour.
You have claws for hands.
Your metabolism is lightning-fast.
You like to eat raw meat.
Your natural rate of healing is unusually fast.
You are covered in fur. (AC +1)
You have very tough skin. (AC +2)


Message History

Press: ? - help, Shift-Dir - straight line, f/p - orc warrior
Aim: an orc warrior, wielding an arbalest and wearing a chain mail (moderately wounded, fast)
You throw a tomahawk.
The tomahawk barely misses the orc warrior.
The orc warrior shoots a bolt.
The bolt barely misses you.
It was a potion of flight.
You feel very buoyant.
You fly up into the air.
The orc warrior shoots a bolt.
The bolt barely misses you.
An orc comes into view. It is wielding a halberd.
It was a potion of haste.
You feel yourself speed up.
The orc warrior shoots a bolt.
The bolt hits you!
* * * LOW HITPOINT WARNING * * *
You feel better.
The orc shouts!
It was a potion of degeneration.
There was something very wrong with that liquid.
You feel weakened.
You feel dopey.
You feel clumsy.
The orc warrior shoots a bolt.
The bolt hits you!!
You die...

##### ##∩## ####
..(((##...##....
.≈≈≈o.#...#..≈≈≈
≈≈)§≈.......≈≈o≈
≈.oo§oo.....≈oo
≈≈.≈≈.......≈≈o
#...# #.((#
##@## ###


You could see 2 orc warriors and an orc.

Vanquished Creatures
  Sigmund (D:5)
  An orc warrior (Bailey)
  A black bear (D:6)
  An ogre (D:6)
  2 bullfrogs
  A water moccasin skeleton (D:4)
  A scorpion (D:6)
  A centaur zombie (D:5)
  A bullfrog zombie (D:6)
  A hound (D:5)
  A jelly (D:4)
  An orc priest (D:2)
  Crazy Yiuf (D:2)
  Jessica (D:3)
  An iguana (D:5)
  An orc wizard (D:3)
  4 worker ants
  A hound zombie (D:5)
  4 gnolls
  7 adders
  2 adder zombies (D:5)
  An ooze (D:1)
  A worm (D:2)
  4 leopard geckos
  10 orcs
  2 ball pythons
  5 bats
  4 giant cockroaches
  5 goblins
  8 hobgoblins
  3 kobolds
  A quokka (D:4)
  4 frilled lizards
  A leopard gecko skeleton (D:4)
  8 rats
92 creatures vanquished.

Notes
Turn   | Place    | Note
-------+----------+-------------------------------------------
     0 | D:1      | dvd the Troll Wanderer began the quest for the Orb.
     0 | D:1      | dvd set off with: a book of Flames, Sif Muna's Reference Book on Enchantment, a +0 quarterstaff, a +0 robe, a +0 dagger, 2 bread rations
     0 | D:1      | Reached XP level 1. HP: 19/19 MP: 1/1
     0 | D:1      | Identified Sif Muna's Reference Book on Enchantment
     2 | D:1      | Learned a level 1 spell: Flame Tongue
   125 | D:1      | Reached XP level 2. HP: 26/27 MP: 0/3
   996 | D:2      | Learned a level 2 spell: Throw Flame
  1101 | D:2      | Reached XP level 3. HP: 33/33 MP: 1/4
  1727 | D:3      | Noticed Jessica
  1752 | D:3      | Killed Jessica
  1752 | D:3      | Reached XP level 4. HP: 9/41 MP: 1/5
  2005 | D:3      | Found a runed door.
  2009 | D:3      | Noticed Crazy Yiuf
  2061 | D:2      | Killed Crazy Yiuf
  2061 | D:2      | Reached XP level 5. HP: 21/48 MP: 6/6
  2239 | D:3      | Reached skill level 1 in Dodging
  2329 | D:3      | Reached skill level 2 in Staves
  2329 | D:3      | Reached skill level 1 in Conjurations
  2469 | D:4      | Found a staircase to the Ecumenical Temple.
  2478 | Temple   | Entered the Ecumenical Temple
  2639 | Temple   | Became a worshipper of Qazlal Stormbringer
  3383 | D:4      | Reached XP level 6. HP: 32/57 MP: 0/8
  3518 | D:4      | HP: 2/57 [poisoned by a worker ant]
  3524 | D:4      | HP: 2/57 [poisoned by a worker ant]
  3529 | D:4      | HP: 2/57 [poisoned by a worker ant]
  3829 | D:5      | Entered Level 5 of the Dungeon
  4407 | D:5      | Reached XP level 7. HP: 59/66 MP: 9/9
  4593 | D:5      | Noticed Sigmund
  4597 | D:5      | Killed Sigmund
  4619 | D:5      | Reached skill level 3 in Staves
  4858 | D:6      | Reached * piety under Qazlal
  5451 | D:6      | Reached XP level 8. HP: 55/75 MP: 10/10
  5541 | D:7      | Reached skill level 4 in Staves
  5552 | D:7      | Found a flagged portal.
  5577 | Bailey   | Entered a bailey
  5577 | Bailey   | Noticed an orc knight
  5630 | Bailey   | Noticed an orc knight
  5810 | Bailey   | Shot with a bolt by an orc warrior

Skill      XL: |  1  2  3  4  5  6  7  8 |
---------------+-------------------------+-----
Stealth        | 2 |  2.5
Dodging        | 1 2 |  2.1
Staves         | 2 3 4 |  4.4
Conjurations   | 1 2 |  2.1
Fighting       | 2 3 |  3.1
Spellcasting   | 2 |  2.6
Fire Magic     | 2 |  2.3
Ice Magic      | |  1.3
Evocations     | |  0.1

Action                   |  1- 3 |  4- 6 |  7- 9 || total
-------------------------+-------+-------+-------++-------
Melee: Quarterstaff      |    68 |   116 |    44 ||   228
Throw: Large rock        |       |     1 |     5 ||     6
       Tomahawk          |       |       |     3 ||     3
 Cast: Flame Tongue      |    29 |    34 |     6 ||    69
       Throw Flame       |     7 |    15 |    11 ||    33
Evoke: Wand              |       |     1 |    14 ||    15
  Use: Potion            |       |       |     6 ||     6
       Scroll            |       |       |     1 ||     1
 Stab: Confused          |       |     1 |       ||     1
       Sleeping          |       |     1 |       ||     1
       Paralysed         |       |       |     1 ||     1
  Eat: Chunk             |    19 |    23 |     8 ||    50
       Royal jelly       |       |       |     3 ||     3
Armor: Robe              |    29 |    44 |    10 ||    83
Dodge: Dodged            |    41 |    65 |    35 ||   141
Block: Other             |       |       |     2 ||     2
